 Dungeon Crawl Stone Soup version 0.22-a0-455-ga0624bf (webtiles) character file.

66 KristoblXynda the Covered (level 3, 0/33 HPs)
             Began as a Deep Dwarf Fighter on June 5, 2018.
             Killed by nerve-wracking pain
             ... invoked by Grinder
              (11 damage)
             ... on level 3 of the Dungeon.
             The game lasted 00:02:48 (1428 turns).

KristoblXynda the Covered (Deep Dwarf Fighter)      Turns: 1428, Time: 00:02:49

Health: 0/33       AC:  7    Str: 23    XL:     3   Next: 96%
Magic:  3/3        EV:  7    Int:  8    God:
Gold:   162        SH: 11    Dex: 12    Spells: 2/2 levels left

rFire    . . .     SeeInvis .   a - +0 war axe
rCold    . . .     Gourm    +   c - +1 shield
rNeg     . . .     Faith    .   b - +0 scale mail
rPois    .         Spirit   .   (no helmet)
rElec    .         Reflect  .   (no cloak)
rCorr    .         Harm     .   (no gloves)
MR       .....                  (no boots)
Stlth    ..........             j - amulet of the gourmand
HPRegen  0.00/turn              o - +3 ring of strength
MPRegen  0.08/turn              q - ring of wizardry

@: about to teleport, non-regenerating
A: damage resistance, heal wounds, sense surroundings 1, no regeneration
a: Heal Wounds


You were on level 3 of the Dungeon.
You were not hungry.

You visited 1 branch of the dungeon, and saw 3 of its levels.

You collected 162 gold pieces.

Inventory:

Hand Weapons
 a - a +0 war axe (weapon)
Armour
 b - a +0 scale mail (worn)
 c - a +1 shield (worn)
Jewellery
 j - an amulet of the gourmand (around neck)
 o - a +3 ring of strength (left hand)
 q - a ring of wizardry (right hand)
Scrolls
 e - a scroll of enchant armour
 g - 2 scrolls of remove curse
 h - a scroll of magic mapping {unknown}
 i - a scroll of teleportation
 l - a scroll of enchant weapon {unknown}
 n - a scroll of blinking {unknown}
Potions
 d - 2 potions of might
 k - 2 potions of flight
 p - a potion of magic
 r - a potion of agility
Comestibles
 f - 4 rations


   Skills:
 - Level 2.6 Fighting
 * Level 3.7 Axes
 + Level 3.9 Armour
 + Level 3.9 Shields


You had 2 spell levels left.
You didn't know any spells.
Your spell library was empty.

Dungeon Overview and Level Annotations

Branches:
Dungeon (3/15)

Altars:

Annotations:
D:3 Grinder; junkhipster's ghost, amateur OgBe


Innate Abilities, Weirdness & Mutations

You are resistant to damage.
You can heal yourself by infusing magical energy.
You passively map a small area around you.
You do not regenerate.


Message History

Junkhipster's ghost (amateur Ogre Berserker) comes into view.
You see here 10 gold pieces.
You now have 162 gold pieces (gained 10).
Junkhipster's ghost turns its malevolent gaze towards you.
A jackal comes into view.
You block the orc's attack.
As you read the scroll of teleportation, it crumbles to dust.
You feel strangely unstable. The orc barely misses you.
You closely miss the orc.
The orc is lightly wounded.
You block the orc's attack.
A bat comes into view.
The orc completely misses you.
You slash the orc!
You kill the orc!
You slash the orc!
You kill the orc!
Grinder gestures at you. Pain shoots through your body!
You die...

......#.#..........###
.... .#.#.............
##.. ..............# *
* , *##.#.5........# *
#...........## * * ,
#....o..5..[###* * ,
....##...#.....# *
.?.....###.[...#
##.###. #.@...# #.
*#.h...#*, ..b#####* *
>#.#W#. ,.. .. $ * *
#. .#.*.* , . .... ,
.# # * , , , **


You could see Grinder, junkhipster's ghost, a jackal and a bat.

Vanquished Creatures
  An adder (D:2)
  An ooze (D:2)
  An adder skeleton (D:2)
  2 worms (D:2)
  A dart slug (D:1)
  2 orcs (D:3)
  2 giant cockroaches
  3 goblins
  6 hobgoblins
  5 jackals
  3 kobolds
  A quokka (D:2)
  2 bats (D:1)
  2 frilled lizards (D:1)
  5 rats
37 creatures vanquished.

Notes
Turn   | Place    | Note
-------+----------+-------------------------------------------
     0 | D:1      | KristoblXynda the Deep Dwarf Fighter began the quest for the Orb.
     0 | D:1      | Reached XP level 1. HP: 20/20 MP: 1/1
   128 | D:1      | Reached XP level 2. HP: 25/27 MP: 2/2
   786 | D:2      | Reached XP level 3. HP: 21/33 MP: 3/3
  1403 | D:3      | Noticed Grinder
  1424 | D:3      | Noticed junkhipster's ghost (amateur OgBe)
  1428 | D:3      | Killed from afar by Grinder

Vault maps used:
D:1:      onia_arrival_mini_maze, serial_bayou_ford_a
D:2:      first_ration, hangedman_decor_peaks_small
D:3:      okawaru_ov_weapons_minmay, grunt_temple_overflow_diamond,
          lemuel_crystal_altar, st_stairs_10, uniq_purgy, uniq_grinder

Skill      XL: |  1  2 |
---------------+-------+-----
Axes           | 3 |  3.7
Fighting       | |  2.6
Armour         | |  3.9
Shields        | |  3.9

Action                   || total
-------------------------++-------
Melee: War axe           ||   104
 Abil: Heal Wounds       ||     1
  Use: Scroll            ||     7
  Eat: Ration            ||     1
Armor: Scale mail        ||    53
Dodge: Dodged            ||    41
Block: Shield            ||    57

Table legend:
 A = Spawn XP
 B = Non-spawn XP
 C = Spawn XP percentage of total XP
 D = Spawn monster count
 E = Non-spawn monster count
 F = Spawn count percentage of total count
 G = Total turns spent on level
                    A         B        C        D         E        F      G
               +---------+---------+-------+---------+---------+-------+---------
         Total |       0 |      95 |   0.0 |       0 |      37 |   0.0 |  1428
               +---------+---------+-------+---------+---------+-------+---------
           D:1 |       0 |      31 |   0.0 |       0 |      17 |   0.0 |   629
           D:2 |       0 |      58 |   0.0 |       0 |      18 |   0.0 |   768
           D:3 |       0 |       6 |   0.0 |       0 |       2 |   0.0 |    31
               +---------+---------+-------+---------+---------+-------+---------
